Match 24709958
Unlisted

Match 24709958
End
Construct Infanterie Kompanie
Selects Mechanized Battlegroup
MG 42 Machine Gun Team
GrW 34 Mortar Team
Grenadier Squad
Construct Panzergrenadier Kompanie
Panzergrenadier Squad
251 Medium Carrier
Construct Luftwaffe Kompanie
Selects Raid Package
Selects 8 Rad Armored Car
Jäger Squad
Jäger Squad
Support Elements
StuG III G Assault Gun
Panzergrenadier Squad
Pioneer Squad
Selects Panther Heavy Tank
Panther Heavy Tank
Panther Heavy Tank
Selects Spotting Scopes
Selects Wespe Self-propelled Artillery
Selects Zeroing Artillery Barrage
Zeroing Artillery Barrage
Pioneer Squad
Jimmy Gokins
k.sarafzade
SneaKerz
gb_gbg
0
0

Comments sign in to comment!

No comments posted yet!